 Dungeon Crawl Stone Soup version 0.23-a0-445-g768d57b (webtiles) character file.

14611 Skuilla the Severer (level 11, -7/97 HPs)
             Began as a Minotaur Berserker on Nov 16, 2018.
             Was a High Priest of Trog.
             Killed from afar by an ice dragon (22 damage)
             ... with a blast of cold
             ... in an ice cave on Nov 17, 2018.
             The game lasted 01:24:38 (13193 turns).

Skuilla the Severer (Minotaur Berserker)           Turns: 13193, Time: 01:24:40

Health: -7/97      AC: 13    Str: 23    XL:     11   Next: 91%
Magic:  10/10      EV: 10    Int:  4    God:    Trog [*****.]
Gold:   675        SH:  0    Dex: 12    Spells: 10/10 levels left

rFire    . . .     SeeInvis .   Q - +6 battleaxe "Foam" {chop, rF+ Stlth+}
rCold    + . .     Gourm    .   (shield currently unavailable)
rNeg     . . .     Faith    .   w - +0 chain mail
rPois    .         Spirit   .   (helmet restricted)
rElec    .         Reflect  .   (no cloak)
rCorr    .         Harm     .   B - +0 pair of gloves
MR       .....                  (no boots)
Stlth    ..........             (no amulet)
HPRegen  0.26/turn              (no ring)
MPRegen  0.12/turn              J - ring of ice

@: berserk cooldown, slowed, very slow
A: retaliatory headbutt, horns 2
a: Berserk, Trog's Hand, Brothers in Arms, Renounce Religion


You were in an ice cave.
You worshipped Trog.
Trog was extremely pleased with you.
You were not hungry.

You visited 2 branches of the dungeon, and saw 12 of its levels.
You also visited: Ice Cave.

You collected 675 gold pieces.

Inventory:

Hand Weapons
 a - a +0 hand axe
 b - a +0 flail
 u - a +0 spear
 v - a +1 flail of holy wrath
 K - a +3 dire flail
 L - a +2 war axe
 Q - the +6 battleaxe "Foam" (weapon) {chop, rF+ Stlth+}
   (Trog gifted it to you on level 10 of the Dungeon)

   It inflicts extra damage upon your enemies.
   It protects you from fire.
   It makes you more stealthy.
Missiles
 I - 8 tomahawks (quivered)
Armour
 r - a +2 ring mail of cold resistance
 s - a +0 helmet
 w - a +0 chain mail (worn)
 B - a +0 pair of gloves (worn)
Jewellery
 d - an uncursed ring of flight
 J - a ring of ice (right hand)
 N - an uncursed ring of fire
 P - an uncursed ring of see invisible {unknown}
Wands
 m - a wand of polymorph (31)
 x - a wand of iceblast (14)
 y - a wand of paralysis (6)
 z - a wand of enslavement (6)
 M - a wand of disintegration (11)
 S - a wand of random effects (10)
 T - a wand of acid (11)
Scrolls
 c - a scroll of teleportation
 e - 2 scrolls of enchant weapon {unknown}
 f - a scroll of blinking {unknown}
 h - 6 scrolls of identify
 k - 2 scrolls of enchant armour {unknown}
 l - a scroll of fog
 n - a scroll of noise
 p - a scroll of random uselessness {unknown}
 q - 2 scrolls of remove curse
 F - 2 scrolls of fear {unknown}
 G - 2 scrolls of magic mapping
 R - a scroll of torment {unknown}
Potions
 g - 3 potions of mutation
 i - a potion of resistance
 j - 3 potions of agility
 o - 2 potions of lignification {unknown}
 t - 3 potions of flight {unknown}
 A - 4 potions of curing {unknown}
 C - a potion of invisibility {unknown}
 D - 3 potions of heal wounds {unknown}
 E - a potion of brilliance {unknown}
 H - a potion of magic {unknown}
Comestibles
 O - a ration


   Skills:
 + Level 9.3 Fighting
 * Level 17.1 Axes
 + Level 1.0 Throwing
 + Level 10.9 Armour
 + Level 4.5 Dodging
 - Level 1.2 Stealth


You had 10 spell levels left.
You didn't know any spells.
Your spell library was empty.

Dungeon Overview and Level Annotations

Branches:
Dungeon (11/15)            Temple (1/1) D:7            Lair (0/6) D:10
    Orc (0/2) D:9

Altars:
Ashenzari
Cheibriados
Dithmenos
Elyvilon
Fedhas
Gozag
Hepliaklqana
Kikubaaqudgha
Makhleb
Nemelex Xobeh
Okawaru
Qazlal
Ru
Sif Muna
Trog
Uskayaw
Vehumet
Wu Jian
Xom
Yredelemnul
Zin
The Shining One

Shops:
D:11 :


Innate Abilities, Weirdness & Mutations

You reflexively headbutt those who attack you in melee.
You have a pair of horns on your head.


Message History

The blast of cold misses you. The ice dragon breathes frost at you.
The blast of cold hits you! You resist.
A red film seems to cover your vision as you go berserk!
You feel yourself moving faster!
You feel mighty!
You feel quite a bit more hungry.
You feel a strong urge to attack something.
You feel your anger nearly subside.
You are no longer berserk.
You are exhausted.
You feel yourself slow down. The ice dragon breathes frost at you.
The blast of cold misses you. The ice dragon breathes frost at you.
The blast of cold hits you! You resist. The ice dragon breathes frost at you.
The blast of cold hits you! You resist.
* * * LOW HITPOINT WARNING * * *
The ice dragon breathes frost at you. The blast of cold hits you! You resist.
You die...

######...## ###..##
##..### ###.D..###
## ###...D....##
..####...........##
..#..............##
##................#
#.........@.......#
###..............#
#.............##
###..........##
##.#....#.##
####..#### #..## ##
##..## #.####..#


You could see 2 ice dragons.

Vanquished Creatures
  Harold (D:10)
  A two-headed ogre (D:8)
  2 unseen horrors (D:10)
  An ugly thing (D:11)
  2 ice statues (IceCv)
  A centaur skeleton (D:10)
  A rime drake (IceCv)
  3 trolls
  Grinder (D:4)
  A hippogriff (D:10)
  A wraith (D:10)
  A shadow (D:7)
  5 yaks (D:9)
  Grum (D:9)
  A hungry ghost (D:7)
  Edmund (D:4)
  A water moccasin (D:8)
  2 soldier ants (D:8)
  3 orc warriors
  3 sky beasts
  A black bear (D:8)
  23 ice beasts
  An eye of draining (D:10)
  9 centaurs
  2 wolves (D:9)
  7 ogres
  2 big kobolds
  7 bullfrogs
  A gnoll sergeant (D:7)
  Blork the orc (D:4)
  A wyvern zombie (D:7)
  2 scorpions
  8 wights
  10 killer bees
  4 howler monkeys
  3 crimson imps
  2 centaur zombies
  3 quasits
  2 bullfrog zombies
  A bullfrog skeleton (D:5)
  6 hounds
  6 orc priests
  2 jellies
  Terence (D:2)
  13 orc wizards
  10 worker ants
  A hound skeleton (D:6)
  Robin (D:2)
  A howler monkey zombie (D:5)
  9 gnolls
  A river rat (D:4)
  9 adders
  A shadow imp (D:8)
  2 adder skeletons
  3 worms
  A dart slug (D:1)
  2 leopard geckos
  31 orcs
  2 ball pythons
  3 giant cockroaches
  7 goblins (D:2)
  5 hobgoblins
  4 jackals
  13 kobolds
  4 quokkas
  7 bats
  2 frilled lizards (D:1)
  A jackal skeleton (D:5)
  A quokka skeleton (D:8)
  8 rats
280 creatures vanquished.

Notes
Turn   | Place    | Note
-------+----------+-------------------------------------------
     0 | D:1      | Skuilla the Minotaur Berserker began the quest for the Orb.
     0 | D:1      | Reached XP level 1. HP: 19/19 MP: 0/0
   131 | D:1      | Reached skill level 4 in Axes
   374 | D:1      | Reached XP level 2. HP: 27/27 MP: 1/1
   923 | D:2      | You fall through a shaft!
  1326 | D:2      | Reached ** piety under Trog
  1408 | D:2      | Reached XP level 3. HP: 33/33 MP: 2/2
  1413 | D:2      | Noticed Robin
  1421 | D:2      | Killed Robin
  1430 | D:2      | Reached skill level 5 in Axes
  1662 | D:2      | Found an ancient bone altar of Kikubaaqudgha.
  1662 | D:2      | Found an iron altar of Okawaru.
  1879 | D:2      | Noticed Terence
  1885 | D:2      | Killed Terence
  1885 | D:2      | Reached XP level 4. HP: 40/40 MP: 3/3
  2303 | D:3      | Reached XP level 5. HP: 26/47 MP: 4/4
  2614 | D:3      | Reached skill level 6 in Axes
  2962 | D:4      | Noticed Edmund
  2972 | D:4      | Killed Edmund
  3114 | D:4      | Reached XP level 6. HP: 44/53 MP: 5/5
  3162 | D:4      | Noticed Blork the orc
  3170 | D:4      | Killed Blork the orc
  3170 | D:4      | Reached skill level 7 in Axes
  3462 | D:4      | Found a glowing drain.
  3651 | D:4      | Found a shadowy altar of Dithmenos.
  3703 | D:4      | Reached skill level 1 in Stealth
  3704 | D:4      | Noticed Grinder
  3720 | D:4      | Killed Grinder
  3720 | D:4      | Reached skill level 5 in Fighting
  3720 | D:4      | Reached skill level 8 in Axes
  3720 | D:4      | Reached XP level 7. HP: 16/61 MP: 6/6
  4269 | D:5      | Entered Level 5 of the Dungeon
  4581 | D:5      | Reached skill level 9 in Axes
  5108 | D:6      | Reached skill level 5 in Armour
  5108 | D:6      | Reached XP level 8. HP: 30/68 MP: 7/7
  5733 | D:6      | Reached *** piety under Trog
  5733 | D:6      | Reached skill level 10 in Axes
  5888 | D:6      | Found a blossoming altar of Fedhas.
  5969 | D:6      | Found a white marble altar of Elyvilon.
  6540 | D:7      | Found a glowing golden altar of the Shining One.
  6696 | D:7      | Reached skill level 11 in Axes
  6966 | D:7      | Reached XP level 9. HP: 72/75 MP: 8/8
  7096 | D:7      | Noticed a troll
  7123 | D:7      | Killed a troll
  7157 | D:7      | Found a hazy altar of Hepliaklqana.
  7261 | D:7      | Reached skill level 12 in Axes
  7635 | D:7      | Reached **** piety under Trog
  7845 | D:7      | Found a staircase to the Ecumenical Temple.
  7852 | Temple   | Entered the Ecumenical Temple
  8639 | D:8      | Reached skill level 13 in Axes
  9132 | D:8      | Reached XP level 10. HP: 84/84 MP: 9/9
  9313 | D:8      | Noticed a two-headed ogre
  9319 | D:8      | Killed a two-headed ogre
 10110 | D:9      | Reached ***** piety under Trog
 10112 | D:9      | Reached skill level 14 in Axes
 10303 | D:9      | Reached skill level 1 in Throwing
 10603 | D:9      | Found a staircase to the Orcish Mines.
 10680 | D:9      | Noticed Grum
 10689 | D:9      | Killed Grum
 10896 | D:9      | Reached skill level 15 in Axes
 11228 | D:10     | Entered Level 10 of the Dungeon
 11228 | D:10     | Noticed Harold
 11250 | D:10     | Killed Harold
 11250 | D:10     | Reached XP level 11. HP: 49/94 MP: 0/10
 11433 | D:10     | Killed an unseen horror
 11433 | D:10     | Reached skill level 10 in Armour
 11491 | D:10     | Received a gift from Trog
 11579 | D:10     | Got an ichor-stained battleaxe {god gift}
 11580 | D:10     | Identified the +6 battleaxe "Foam" {chop, rF+ Stlth+} (Trog
                  | gifted it to you on level 10 of the Dungeon)
 11806 | D:10     | Killed an unseen horror
 12170 | D:10     | Found a staircase to the Lair.
 12358 | D:11     | Noticed a purple ugly thing
 12362 | D:11     | Killed a purple ugly thing
 12362 | D:11     | Reached skill level 16 in Axes
 12431 | D:11     | Found Siseum's Book Shop.
 12700 | D:11     | Found a frozen archway.
 12761 | D:11     | Upgraded the game from 0.23-a0-436-g57debff to
                  | 0.23-a0-445-g768d57b
 12764 | IceCv    | Entered an ice cave
 13072 | IceCv    | Reached skill level 17 in Axes
 13160 | IceCv    | Noticed an ice dragon
 13160 | IceCv    | Noticed an ice dragon
 13193 | IceCv    | Killed from afar by an ice dragon

Vault maps used:
D:1:      dpeg_arrival_rooms_b, hangedman_decor_clover_reticule,
          minmay_small_reverse_x
D:2:      gammafunk_temple_overflow_wave, uniq_terence, uniq_robin
D:4:      grunt_dithmenos_smoke_and_mirrors, lightli_sewer_entry_pipes,
          uniq_grinder, uniq_blork_the_orc, uniq_edmund
D:5:      first_ration
D:6:      fedhas_altar_2, st_stairs_1, elyvilon_altar_4
D:7:      lemuel_coloured_pillars_altar, tso_altar,
          minmay_temple_entry_enclosed_plants
D:8:      hangedman_pestilent_swarm
D:9:      david_orc_2, uniq_grum
D:10:     lair_entry_dummy, uniq_harold
D:11:     portal_ice_cave_entry_ice_beasts, serial_shops, nicolae_shop_crystal,
          shop_fountains, kennysheep_flooded_box
Temple:   compressed_dpeg_circular_temple
IceCv:    ice_cave_small_dragons

Skill      XL: |  1  2  3  4  5  6  7  8  9 10 11 |
---------------+----------------------------------+-----
Axes           | 4 5 6 8 9 11 13 15 17 | 17.1
Fighting       | 4 5 6 8 9 |  9.3
Armour         | 3 4 5 7 8 9 10 | 10.9
Dodging        | 3 4 |  4.5
Stealth        | 1 |  1.2
Throwing       | 1 |  1.0

Action                   |  1- 3 |  4- 6 |  7- 9 | 10-12 || total
-------------------------+-------+-------+-------+-------++-------
Melee: Hand axe          |    62 |    84 |   183 |       ||   329
       Headbutt          |     6 |    17 |    78 |    80 ||   181
       War axe           |       |       |   184 |   217 ||   401
       Battleaxe         |       |       |       |    98 ||    98
Throw: Tomahawk          |       |       |       |     8 ||     8
Invok: Berserk           |     2 |     6 |    10 |    15 ||    33
       Trog's Hand       |       |       |       |     1 ||     1
  Use: Scroll            |       |     4 |     7 |     2 ||    13
  Eat: Chunk             |     4 |     4 |     7 |     2 ||    17
       Ration            |       |     2 |     6 |     8 ||    16
Armor: Animal skin       |    10 |       |       |       ||    10
       Ring mail         |     1 |     6 |       |       ||     7
       Chain mail        |       |    10 |   162 |   163 ||   335
Dodge: Dodged            |    27 |    17 |   146 |   131 ||   321

Table legend:
 A = Non-vault XP
 B = Vault XP
 C = Vault XP percentage of total XP
 D = Non-vault monster count
 E = Vault monster count
 F = Vault count percentage of total count
                 A         B        C        D         E       F
            +---------+---------+-------+---------+---------+-------
      Total |   14111 |    6762 |  32.4 |     217 |      63 |  22.5
            +---------+---------+-------+---------+---------+-------
        D:1 |      13 |       6 |  31.6 |       7 |       4 |  36.4
        D:2 |      10 |      69 |  87.3 |       8 |      10 |  55.6
        D:3 |     102 |       0 |   0.0 |      18 |       0 |   0.0
        D:4 |     162 |     576 |  78.0 |       4 |       8 |  66.7
        D:5 |     368 |       0 |   0.0 |      14 |       0 |   0.0
        D:6 |     498 |      85 |  14.6 |      18 |       2 |  10.0
        D:7 |    2270 |       0 |   0.0 |      38 |       0 |   0.0
        D:8 |    2754 |     329 |  10.7 |      40 |       4 |   9.1
        D:9 |    2147 |     558 |  20.6 |      30 |       9 |  23.1
       D:10 |    3574 |    1007 |  22.0 |      19 |       1 |   5.0
       D:11 |    2213 |    1054 |  32.3 |      21 |       8 |  27.6
      IceCv |       0 |    3078 | 100.0 |       0 |      17 | 100.0
            +---------+---------+-------+---------+---------+-------
